 Dungeon Crawl Stone Soup version 0.26-a0-1060-g086102a3f0 (webtiles) character file.

Game seed: 5902288978645529446

49 Dracia the Chiller (level 3, -3/24 HPs)
             Began as a Merfolk Ice Elementalist on Dec 13, 2020.
             Slain by a goblin (6 damage)
             ... led by Robin
             ... on level 2 of the Dungeon.
             The game lasted 00:02:22 (1745 turns).

Dracia the Chiller (Merfolk Ice Elementalist)       Turns: 1745, Time: 00:02:23

Health: -3/24      AC:  2    Str:  9    XL:     3   Next: 75%
Magic:  5/7        EV: 13    Int: 14    God:
Gold:   51         SH:  0    Dex: 14    Spells: 3/7 levels left

rFire    . . .     SeeInvis .   e - +0 spear
rCold    . . .     Faith    .   (no shield)
rNeg     . . .     Spirit   .   a - +0 robe
rPois    .         Reflect  .   (no helmet)
rElec    .         Harm     .   (no cloak)
rCorr    .         Rampage  .   (no gloves)
Will     .....                  (no boots)
Stlth    +.........             (no amulet)
HPRegen  0.08/turn              i - ring of attention (curse)
MPRegen  0.10/turn              (no ring)

@: no status effects
A: change form in water, swift swim, stealthy swim
a: no special abilities


You were on level 2 of the Dungeon.
You visited 1 branch of the dungeon, and saw 2 of its levels.

You collected 51 gold pieces.


   Skills:
 * Level 1.6 Polearms
 - Level 2.6 Dodging
 - Level 2.1 Stealth
 * Level 2.9 Spellcasting
 + Level 5.0 Ice Magic


You had 3 spell levels left.
You knew the following spells:

 Your Spells              Type           Power        Failure   Level
r - Frozen Ramparts       Ice            ###...       9%          3
z - Freeze                Ice            ###.         2%          1

Your spell library contained the following spells:

 Spells                   Type           Power        Failure   Level
 Ozocubu's Armour         Ice            ###.....     9%          3
 Hailstorm                Conj/Ice       #.......     61%         4
 Summon Ice Beast         Ice/Summ       #.......     61%         4

Inventory:

Hand Weapons
 c - a +0 short sword
 e - a +0 spear (weapon)
Armour
 a - a +0 robe (worn)
Jewellery
 i - a cursed ring of attention (left hand)
Scrolls
 d - a scroll of identify {@r1@r1}
Potions
 f - 2 potions of degeneration {unknown}
 h - a potion of brilliance {unknown}

Dungeon Overview and Level Annotations

Branches:
Dungeon (2/15)

Altars:

Annotations:
D:2 Robin

.... .# ..
g###..### #.# . .
...g.g.##.. .##.
#.)#)#.# ...
#......# ..#
###†g#.###..#
#....)....#
#......g.##.###
#.....g@........
.......>.g.>..####
###.......###.#
#.......# .#
.......... #
###########


You could see Robin and 4 goblins.


Message History

The wall freezes the goblin. x2
You kill the goblin!
You see here a +0 dagger.
The wall freezes the goblin.
Robin throws the goblin at you! The goblin hits you.
You hit the goblin.
The goblin is severely wounded.
The wall freezes the goblin.
You kill the goblin!
A goblin comes into view.
The wall freezes the goblin.
You kill the goblin!
The goblin hits you.
Your Ice Magic skill increases to level 5!
You hit the goblin but do no damage.
The goblin is severely wounded.
The wall freezes Robin.
The goblin hits you.
* * * LOW HITPOINT WARNING * * *
Unknown command.
The frozen ramparts melt away.
Robin throws the goblin at you!
A goblin comes into view.
The goblin hits you.
* * * LOW HITPOINT WARNING * * *
The goblin hits you but does no damage. Robin throws the goblin at you!
* * * LOW HITPOINT WARNING * * *
The goblin hits you.
* * * LOW HITPOINT WARNING * * *
There is a stone staircase leading up here.
The goblin barely misses you. The goblin misses you. The goblin hits you.
You die...

Skill      XL: |  1  2  3 |
---------------+----------+-----
Polearms       | 1 |  1.6
Ice Magic      | 5 |  5.0
Dodging        | |  2.6
Stealth        | |  2.1
Spellcasting   | |  2.9

Action                   || total
-------------------------++-------
Melee: Unarmed           ||    10
       Short sword       ||    20
       Spear             ||    31
 Cast: Freeze            ||    29
       Frozen Ramparts   ||     2
  Use: Scroll            ||     2
       Potion            ||     1
 Stab: Sleeping          ||     4
Armor: Robe              ||     7
Dodge: Dodged            ||    60

Levels and vault maps discovered:
D:1:      scummos_arrival_gate, layout_basic
D:2:      layout_loops_ring, yredelemnul_altar_generic, grunt_decor_resistance,
          uniq_terence, uniq_robin

Notes
Turn   | Place    | Note
-------+----------+-------------------------------------------
     0 | D:1      | Dracia the Merfolk Ice Elementalist began the quest for the
                  | Orb.
     0 | D:1      | Reached XP level 1. HP: 13/13 MP: 3/3
   173 | D:1      | Reached XP level 2. HP: 13/19 MP: 0/5
  1069 | D:1      | Reached XP level 3. HP: 13/24 MP: 3/6
  1247 | D:1      | Reached skill level 1 in Polearms
  1251 | D:1      | Learned a level 3 spell: Frozen Ramparts
  1624 | D:2      | HP: 2/24 [worm (3)]
  1732 | D:2      | Noticed Robin
  1742 | D:2      | Reached skill level 5 in Ice Magic
  1745 | D:2      | Slain by a goblin

Vanquished Creatures
  A worm (D:1)
  A dart slug (D:1)
  A leopard gecko (D:1)
  2 bats (D:1)
  A giant cockroach (D:1)
  10 goblins
  6 hobgoblins
  4 jackals (D:1)
  7 kobolds (D:1)
  A quokka (D:2)
  A frilled lizard (D:1)
  2 rats (D:1)
37 creatures vanquished.

Table legend: (Time is in decaauts)
 A = Elapsed time spent in this place.
 B = Non-inter-level travel time spent in this place.
 C = Inter-level travel time spent in this place.
 D = Time resting spent in this place.
 E = Time spent auto-exploring this place.
 F = Levels seen in this place.
 G = Mean time per level.
                   A        B        C        D        E       F      G
               +--------+--------+--------+--------+--------+-----+--------+
         Total |   1746 |   1687 |     59 |    301 |   1161 |   2 |  873.0 |
       Dungeon |   1746 |   1687 |     59 |    301 |   1161 |   2 |  873.0 |
               +--------+--------+--------+--------+--------+-----+--------+

Top non-repeatable levels by time:
     D:1: 1609 daAuts
     D:2: 137 daAuts

Table legend:
 A = Non-vault XP
 B = Vault XP
 C = Vault XP percentage of total XP
 D = Non-vault monster count
 E = Vault monster count
 F = Vault count percentage of total count
                 A         B        C        D         E       F
            +---------+---------+-------+---------+---------+-------
      Total |      57 |      13 |  18.6 |      30 |       7 |  18.9
            +---------+---------+-------+---------+---------+-------
        D:1 |      53 |       0 |   0.0 |      28 |       0 |   0.0
        D:2 |       4 |      13 |  76.5 |       2 |       7 |  77.8
            +---------+---------+-------+---------+---------+-------
